 Dungeon Crawl Stone Soup version 0.18.1-5-g4a78601 (webtiles) character file.

427 tyrsky the Magician (level 6, -4/32 HPs)
             Began as a Gargoyle Fire Elementalist on May 14, 2016.
             Was an Initiate of Vehumet.
             Slain by Prince Ribbit (12 damage)
             ... on level 5 of the Dungeon.
             The game lasted 00:08:34 (2064 turns).

tyrsky the Magician (Gargoyle Fire Elementalist)    Turns: 2064, Time: 00:08:34

Health: -4/32      AC:  8    Str: 12    XL:     6   Next: 97%
Magic:  18/22      EV: 12    Int: 17    God:    Vehumet [......]
Gold:   133        SH:  0    Dex: 10    Spells: 3 memorised, 6 levels left

rFire  . . .     SeeInvis .     e - +2 dagger (drain)
rCold  . . .     Gourm    .     a - +0 robe
rNeg   + . .     Faith    .     (no shield)
rPois  ∞         Spirit   .     (no helmet)
rElec  +         Dismiss  .     w - +0 cloak
rCorr  .         Reflect  .     (no gloves)
SustAt .         Harm     .     o - +0 pair of boots
MR     .....     Rnd*Tele +     (no amulet)
Stlth  ++........               y - ring of teleportation (curse)
                                u - ring of magical power

@: not resistant to hostile enchantments, unstealthy
A: negative energy resistance 1, electricity resistance, unbreathing,
petrification resistance, rot immunity, AC +4
a: Renounce Religion


You were on level 5 of the Dungeon.
You worshipped Vehumet.
Vehumet was noncommittal.
You were very hungry.

You visited 2 branches of the dungeon, and saw 6 of its levels.

You collected 133 gold pieces.

Inventory:

Hand Weapons
 e - a +2 dagger of draining (weapon)
Armour
 a - a +0 robe (worn)
 o - a +0 pair of boots (worn)
 w - a +0 cloak (worn)
Jewellery
 u - a ring of magical power (left hand)
 y - a cursed ring of teleportation (right hand)
Wands
 r - a wand of polymorph (9/24)
Scrolls
 d - a scroll of magic mapping {unknown}
 g - 2 scrolls of immolation {unknown}
 i - 3 scrolls of identify {unknown}
 j - 2 scrolls of fear {unknown}
 k - a scroll of amnesia {unknown}
 n - a scroll of random uselessness {unknown}
 s - 2 scrolls of teleportation {unknown}
 v - a scroll of noise {unknown}
Potions
 m - a potion of curing {unknown}
 p - a potion of heal wounds {unknown}
 q - a potion of lignification {unknown}
 x - a potion of cure mutation {unknown}
 z - a potion of berserk rage {unknown}
Books
 b - a book of Flames

   Spells                             Type                      Level
   a - Flame Tongue                   Conjuration/Fire             1
   b - Throw Flame                    Conjuration/Fire             2
   c - Conjure Flame                  Conjuration/Fire             3
   d - Inner Flame                    Hexes/Fire                   3
   e - Sticky Flame                   Conjuration/Fire             4
   f - Fireball                       Conjuration/Fire             5
Comestibles
 c - 5 bread rations
 f - 2 meat rations
 h - a slice of pizza
 l - 8 fruits
 t - a beef jerky


   Skills:
 - Level 1.5 Dodging
 - Level 2.1 Stealth
 * Level 4.7 Spellcasting
 + Level 3.7 Conjurations
 + Level 4.6 Fire Magic


You had 6 spell levels left.
You knew the following spells:

 Your Spells              Type           Power        Failure   Level  Hunger
a - Flame Tongue          Conj/Fire      ###..        2%          1    None
b - Conjure Flame         Conj/Fire      ###.....     10%         3    ###....
c - Sticky Flame          Conj/Fire      ###.....     30%         4    ####...


Dungeon Overview and Level Annotations

Branches:
Dungeon (5/15)             Temple (1/1) D:4

Altars:
Ashenzari
Cheibriados
Dithmenos
Elyvilon
Fedhas
Gozag
Kikubaaqudgha
Makhleb
Nemelex Xobeh
Pakellas
Qazlal
Ru
Sif Muna
Vehumet
Xom
Yredelemnul
Zin
The Shining One

Annotations:
D:3 Natasha
D:4 Edmund
D:5 1 runed door, Prince Ribbit


Innate Abilities, Weirdness & Mutations

You are resistant to torment.
Your stone body is resilient (AC +4).
You are immune to poison.
You resist negative energy.
You are resistant to electric shocks.
You can survive without breathing.
You are immune to petrification.
You are immune to rotting.


Message History

Aim: Prince Ribbit The flame tongue hits Prince Ribbit.
Prince Ribbit is lightly wounded.
Casting: Flame Tongue
Confirm with . or Enter, or press ? or * to list all spells.
Aiming: Sticky Flame
Press: ? - help, Shift-Dir - straight line, f/p - Prince Ribbit
Aim: Prince Ribbit (lightly wounded)
The sticky flame hits Prince Ribbit.
Prince Ribbit is moderately wounded.
Prince Ribbit is covered in liquid flames!
Prince Ribbit burns!
Prince Ribbit hits you!
Ouch! That really hurt!
Prince Ribbit hits you.
* * * LOW HITPOINT WARNING * * *
Prince Ribbit burns!
Prince Ribbit hops awkwardly around.
Prince Ribbit barely misses you.
Prince Ribbit burns!
Prince Ribbit hits you!
You die...

#.###...#......... #..
......)<.........# #.#####
.....)...........# #..<...
.................# #(.....
.................######.(....
##...........................
...........##########........
...#.......F#######......)...
####........9................
#...#########.............
..... #............. #.##.
####.......... ..
####.......... #.............
#.############ #.# #.#


You could see Prince Ribbit (burning).

Vanquished Creatures
  An ice beast (D:5)
  A centaur (D:5)
  A scorpion (D:4)
  A howler monkey (D:4)
  2 worker ants (D:4)
  4 adders
  A shadow imp (D:5)
  An adder skeleton (D:4)
  7 dart slugs
  A giant gecko (D:4)
  7 orcs
  5 bats
  4 goblins
  2 hobgoblins
  6 jackals
  4 kobolds
  A quokka (D:2)
  3 ball pythons
  2 giant newts (D:3)
  8 rats
62 creatures vanquished.

Vanquished Creatures (others)
  A bat (D:2)
1 creature vanquished.

Grand Total: 63 creatures vanquished

Notes
Turn   | Place    | Note
--------------------------------------------------------------
     0 | D:1      | tyrsky the Gargoyle Fire Elementalist began the quest for the Orb.
     0 | D:1      | Reached XP level 1. HP: 10/10 MP: 3/3
   156 | D:1      | Reached XP level 2. HP: 14/15 MP: 0/5
   485 | D:2      | Reached XP level 3. HP: 18/19 MP: 0/6
  1158 | D:3      | Reached XP level 4. HP: 24/24 MP: 5/8
  1244 | D:3      | Learned a level 3 spell: Conjure Flame
  1249 | D:3      | Learned a level 4 spell: Sticky Flame
  1441 | D:3      | Noticed Natasha
  1581 | D:4      | Found a staircase to the Ecumenical Temple.
  1606 | Temple   | Entered the Ecumenical Temple
  1613 | Temple   | Became a worshipper of Vehumet
  1646 | D:4      | Reached XP level 5. HP: 28/28 MP: 10/10
  1669 | D:4      | Noticed Edmund
  1736 | D:4      | Reached XP level 6. HP: 26/32 MP: 4/12
  1790 | D:5      | Entered Level 5 of the Dungeon
  1790 | D:5      | Noticed Prince Ribbit
  1860 | D:5      | Noticed an ice beast
  1873 | D:5      | Killed an ice beast
  2025 | D:5      | Found a runed door.
  2064 | D:5      | Slain by Prince Ribbit

Skill      XL: |  1  2  3  4  5 |
---------------+----------------+-----
Conjurations   | 2 3 |  3.7
Spellcasting   | 3 4 |  4.7
Fire Magic     | 4 |  4.6
Dodging        | |  1.5
Stealth        | |  2.1

Action                   |  1- 3 |  4- 6 || total
-------------------------+-------+-------++-------
Melee: Dagger            |    25 |    13 ||    38
 Cast: Flame Tongue      |    37 |    83 ||   120
       Sticky Flame      |       |     2 ||     2
  Eat: Chunk             |     1 |     2 ||     3
Armor: Robe              |    15 |    32 ||    47
Dodge: Dodged            |    27 |    49 ||    76
